 Dungeon Crawl Stone Soup version 0.25-a0-44-g29a1220a87 (webtiles) character file.

Game seed: 11332123890664472056, levelgen mode: deterministic

49 shoretiger the Chopper (level 3, -1/49 HPs)
             Began as a Minotaur Berserker on Oct 23, 2019.
             Was a Believer of Trog.
             Slain by Crazy Yiuf
             ... wielding a +3 quarterstaff of chaos
              (9 damage)
             ... on level 2 of the Dungeon.
             The game lasted 00:03:41 (1445 turns).

shoretiger the Chopper (Minotaur Berserker)         Turns: 1445, Time: 00:03:42

Health: -1/49      AC: 11    Str: 27    XL:     3   Next: 51%
Magic:  2/2        EV:  9    Int:  4    God:    Trog [**....]
Gold:   95         SH:  0    Dex:  9    Spells: 2/2 levels left

rFire    . . .     SeeInvis .   a - +0 hand axe
rCold    + . .     Gourm    .   (no shield)
rNeg     . . .     Faith    .   q - +0 chain mail
rPois    .         Spirit   .   (helmet restricted)
rElec    .         Reflect  .   (no cloak)
rCorr    .         Harm     .   (no gloves)
MR       .....                  m - +0 pair of boots
Stlth    ..........             (no amulet)
HPRegen  0.16/turn              i - +1 ring of protection (curse)
MPRegen  0.08/turn              o - ring of protection from cold

@: berserking, very quick
A: retaliatory headbutt, horns 2
a: Berserk, Trog's Hand, Renounce Religion


You were on level 2 of the Dungeon.
You worshipped Trog.
Trog was pleased with you.
You were very hungry.

You visited 1 branch of the dungeon, and saw 2 of its levels.

You collected 95 gold pieces.

Inventory:

Hand Weapons
 a - a +0 hand axe (weapon)
Armour
 m - a +0 pair of boots (worn)
 q - a +0 chain mail (worn)
Jewellery
 i - a cursed +1 ring of protection (left hand)
 o - a ring of protection from cold (right hand)
Scrolls
 e - 2 scrolls of immolation {unknown}
 f - a scroll of teleportation {unknown}
 g - 2 scrolls of identify {unknown}
 j - a scroll of remove curse {unknown}
 l - 2 scrolls of enchant weapon {unknown}
Potions
 d - 2 potions of ambrosia {unknown}
 h - 2 potions of curing {unknown}
 k - a potion of flight {unknown}
 p - 2 potions of heal wounds {unknown}
Comestibles
 c - 4 rations


   Skills:
 + Level 4.2 Fighting
 + Level 4.6 Axes
 + Level 2.6 Armour
 + Level 2.6 Dodging


You had 2 spell levels left.
You didn't know any spells.
Your spell library was empty.

Dungeon Overview and Level Annotations

Branches:
Dungeon (2/15)

Altars:
Gozag

Annotations:
D:2 Crazy Yiuf


Innate Abilities, Weirdness & Mutations

You reflexively headbutt those who attack you in melee.
You have a pair of horns on your head.


Message History

You closely miss Crazy Yiuf.
Crazy Yiuf is lightly wounded.
Crazy Yiuf hits you with a +3 quarterstaff of chaos.
A red film seems to cover your vision as you go berserk!
You feel yourself moving faster!
You feel mighty!
You are feeling very hungry.
Crazy Yiuf screams, "Ice tea sizzlefizz!"
Crazy Yiuf hits you but does no damage.
You slash Crazy Yiuf!
Crazy Yiuf is severely wounded.
Crazy Yiuf laughs, "Adder!"
Crazy Yiuf hits you with a +3 quarterstaff of chaos.
You closely miss Crazy Yiuf.
Crazy Yiuf is severely wounded.
You closely miss Crazy Yiuf. Your headbutt misses Crazy Yiuf.
Crazy Yiuf is severely wounded.
Crazy Yiuf hits you with a +3 quarterstaff of chaos!
* * * LOW HITPOINT WARNING * * *
You are electrocuted!
You die...

##...................'<##.#.
#....###########....####.#.
#....# #....'....#. #....#
##### #....######. #....# #)..#
#........... #....# #.))#
#..........# #....# ...
#..#######.# #....# #g#
#..#....##.# #....# ♣@♣♣
#..#.##.##.# ####....# ♣♣)♣
#..#.##.##.# #.......# ♣.♣♣
#..#.##.##.# #.......# ♣♣)♣
#.....#.##.# #.......# ♣♣.♣♣
#..#..#.##.. #.......# ♣♣..)♣
#[.#..#..... #...##### ♣....♣
#..#..#.###. #...# ##..##
##.####.....
##...########....####..........


You could see Crazy Yiuf.

Vanquished Creatures
  An adder (D:2)
  An ooze (D:1)
  A worm (D:2)
  A dart slug (D:1)
  2 leopard geckos
  3 ball pythons (D:1)
  6 bats
  3 giant cockroaches
  4 kobolds
  A quokka (D:2)
  2 frilled lizards (D:1)
  A goblin (D:1)
  4 rats
30 creatures vanquished.

Notes
Turn   | Place    | Note
-------+----------+-------------------------------------------
     0 | D:1      | shoretiger the Minotaur Berserker began the quest for the
                  | Orb.
     0 | D:1      | Reached XP level 1. HP: 19/19 MP: 0/0
   209 | D:1      | You fall into a shaft and drop 1 floor!
   250 | D:2      | Found an opulent altar of Gozag.
   254 | D:2      | Reached XP level 2. HP: 26/27 MP: 1/1
   667 | D:2      | Found a runed translucent door.
   668 | D:2      | Noticed Crazy Yiuf
   755 | D:1      | Reached XP level 3. HP: 10/33 MP: 2/2
  1084 | D:1      | Reached ** piety under Trog
  1445 | D:2      | Slain by Crazy Yiuf

Levels and vault maps discovered:
D:1:      dpeg_arrival_rhombi, layout_rooms
D:2:      layout_basic, nicolae_gozag_seed_capital, uniq_crazy_yiuf_cottage

Skill      XL: |  1  2 |
---------------+-------+-----
Axes           | 4 |  4.6
Fighting       | 4 |  4.2
Armour         | |  2.6
Dodging        | |  2.6

Action                   || total
-------------------------++-------
Melee: Hand axe          ||    66
       Headbutt          ||     7
Invok: Berserk           ||     1
 Stab: Sleeping          ||     1
  Eat: Chunk             ||     1
Armor: Animal skin       ||    15
       Chain mail        ||     2
Dodge: Dodged            ||    58

Table legend:
 A = Non-vault XP
 B = Vault XP
 C = Vault XP percentage of total XP
 D = Non-vault monster count
 E = Vault monster count
 F = Vault count percentage of total count
                 A         B        C        D         E       F
            +---------+---------+-------+---------+---------+-------
      Total |      70 |       0 |   0.0 |      30 |       0 |   0.0
            +---------+---------+-------+---------+---------+-------
        D:1 |      38 |       0 |   0.0 |      20 |       0 |   0.0
        D:2 |      32 |       0 |   0.0 |      10 |       0 |   0.0
            +---------+---------+-------+---------+---------+-------
